Map: Ruins of Endion

Players

Mutex

  • Race: Zerg Zerg
  • League: Master

Miszu - Winner!

  • Race: Protoss Protoss
  • League: Master

VOD

Have the link to the VOD?

Description

Time

  • Played on: April 3, 2016, 11:16 a.m.
  • Length: 7:48
Show
View Real Time Build Order
Export as new Build Order

Mutex Zerg 

Build Orders: Hatch First 

Get SALT Encoding   

  12  0:01  Drone  
  13  0:12  Overlord  
  13  0:18  Drone  
  14  0:31  Drone x2  
  14  0:35  Drone  
  17  0:52  Hatchery  
  17  0:55  Drone  
  17  1:00  Drone  
  18  1:09  Extractor  
  17  1:15  Spawning Pool  
  17  1:17  Drone  
  17  1:19  Drone  
  18  1:29  Drone  
  19  1:40  Overlord  
  19  1:52  Drone  
  20  2:01  Queen  
  20  2:02  Zergling x2  
  20  2:04  Queen, Drone  
  26  2:11  Metabolic Boost  
  26  2:12  Drone  
  27  2:16  Drone  
  28  2:23  Drone  
  28  2:26  Drone  
  30  2:35  Drone  
  31  2:37  Overlord, Queen  
  31  2:43  Drone  
  34  2:55  Pneumatized Carapace  
  34  2:57  Zergling x4  
  36  3:00  Zergling x2  
  36  3:01  Evolution Chamber  
  36  3:07  Zergling x2  
  36  3:12  Zergling x8  
  39  3:22  Zergling x8  
  42  3:30  Overlord x2  
  42  3:42  Zergling x4  
  41  4:04  Zergling x12  
  41  4:09  Zergling x4  
  49  4:14  Zergling x2  
  50  4:18  Queen  
  50  4:19  Queen  
  50  4:20  Zergling x4  
  43  4:50  Zergling x6  
  43  4:51  Zergling x6  
  40  5:03  Drone x2  
  42  5:07  Lair  
  42  5:09  Zerg Melee Weapons Level 1  
  42  5:12  Drone  
  43  5:16  Drone  
  43  5:17  Hatchery  
  43  5:23  Drone x2  
  45  5:33  Overlord  
  45  5:34  Drone x2  
  47  5:48  Drone x5  
  52  5:50  Overlord, Extractor  
  52  5:51  Extractor  
  52  5:56  Baneling Nest, Zergling x2  
  50  5:59  Zergling x2  
  52  6:13  Zergling x2  
  52  6:14  Zergling x2  
  52  6:17  Hydralisk Den  
  53  6:23  Zergling x8  
  57  6:30  Zergling x10  
  62  6:34  Zergling x2  
  62  6:37  Zergling x2  
  62  6:49  Spore Crawler  
  62  6:50  Zergling x6  
  62  6:51  Spore Crawler  
  60  6:54  Zergling x6  
  60  6:55  Zergling x6  
  60  6:56  Baneling x5  
  60  6:57  Baneling x4  
  60  7:04  Zergling x4  
  60  7:05  Zergling x4  
  48  7:23  Zergling x16  
  48  7:26  Zergling x2  
Show
View Real Time Build Order
Export as new Build Order

Miszu Protoss - Winner!

Build Orders: 1 Gate Expand 

Get SALT Encoding   

  12  0:01  Probe (Chrono Boost)  
  13  0:11  Probe (Chrono Boost)  
  14  0:19  Pylon  
  14  0:22  Probe (Chrono Boost)  
  15  0:37  Probe (Chrono Boost)  
  15  0:40  Gateway  
  16  0:48  Probe (Chrono Boost), Assimilator  
  17  0:58  Probe (Chrono Boost)  
  18  1:09  Probe (Chrono Boost)  
  19  1:22  Nexus  
  19  1:26  Probe (Chrono Boost)  
  20  1:39  Cybernetics Core  
  20  1:42  Probe (Chrono Boost)  
  21  1:47  Pylon  
  21  1:52  Probe (Chrono Boost)  
  22  2:03  Probe (Chrono Boost)  
  23  2:10  Assimilator  
  23  2:13  Probe (Chrono Boost)  
  24  2:15  Adept (Chrono Boost)  
  24  2:16  Warp Gate (Chrono Boost)  
  26  2:24  Probe  
  27  2:34  Mothership Core  
  27  2:36  Probe  
  30  2:40  Adept (Chrono Boost)  
  32  2:48  Probe  
  33  2:55  Probe  
  34  3:00  Probe  
  35  3:07  Probe  
  35  3:08  Gateway  
  35  3:10  Gateway  
  35  3:12  Probe  
  37  3:19  Probe  
  38  3:20  Adept  
  38  3:24  Probe  
  39  3:30  Pylon  
  39  3:31  Probe  
  40  3:36  Probe  
  41  3:43  Probe  
  42  3:49  Probe  
  43  3:55  Probe  
  43  4:01  Probe  
  45  4:04  Stargate  
  45  4:05  Stargate  
  45  4:06  Adept, Pylon  
  45  4:07  Adept, Probe  
  50  4:11  Adept  
  50  4:13  Probe  
  53  4:17  Assimilator  
  53  4:18  Assimilator  
  53  4:20  Probe  
  53  4:21  Pylon  
  54  4:25  Probe  
  55  4:32  Probe  
  55  4:37  Adept x3  
  53  4:59  Pylon  
  51  5:05  Phoenix x2 (Chrono Boost)  
  53  5:11  Adept x2  
  58  5:14  Probe  
  58  5:18  Probe  
  58  5:19  Twilight Council  
  59  5:26  Probe  
  59  5:27  Phoenix (Chrono Boost)  
  62  5:30  Probe  
  65  5:35  Phoenix (Chrono Boost)  
  65  5:46  Probe  
  65  5:47  Probe  
  67  5:51  Phoenix (Chrono Boost)  
  67  5:52  Pylon  
  69  6:04  Pylon  
  69  6:05  Pylon  
  69  6:10  Phoenix (Chrono Boost)  
  71  6:12  Nexus  
  71  6:15  Adept x2  
  71  6:16  Adept  
  77  6:25  Pylon  
  77  6:28  Phoenix (Chrono Boost)  
  77  6:32  Phoenix (Chrono Boost)  
  81  6:47  Adept  
  83  7:03  Adept  
  84  7:14  Adept x2  
  78  7:27  Adept  
Tags
 
Add a new tag
Caveats
  • Supply blocks, unpowered buildings, or Contaminate may cause inaccurate times.
  • Supply counts are checked every 10 seconds.